 Dungeon Crawl Stone Soup version 0.27-a0-732-ga892ba84f6 (webtiles) character file.

Game seed: 7404539384099891168

179 ShadowManNeo the Grave Robber (level 5, 0/37 HPs)
             Began as a Gnoll Necromancer on Mar 23, 2021.
             Succumbed to a water moccasin's poison
             ... on level 4 of the Dungeon.
             The game lasted 00:08:59 (3516 turns).

ShadowManNeo the Grave Robber (Gnoll Necromancer)   Turns: 3516, Time: 00:09:00

Health: 0/37       AC:  4    Str:  9    XL:     5   Next: 59%
Magic:  3/12       EV: 13    Int: 14    God:
Gold:   116        SH:  0    Dex: 12    Spells: 0/14 levels left

rFire    . . .     SeeInvis .   e - +0 rapier
rCold    . . .     Faith    +   (no shield)
rNeg     . . .     Spirit   .   b - +0 leather armour
rPois    .         Reflect  .   (no helmet)
rElec    .         Harm     .   (no cloak)
rCorr    .         Rampage  .   k - +0 pair of gloves
Will     .....                  (no boots)
Stlth    ++........             d - amulet of faith
HPRegen  0.12/turn              (no ring)
MPRegen  0.13/turn              (no ring)

@: lethally poisoned (0 -> -6)
A: fangs 1, strong nose, distributed training
a: no special abilities


You were on level 4 of the Dungeon.
You visited 1 branch of the dungeon, and saw 4 of its levels.

You collected 116 gold pieces.

Inventory:

Hand Weapons
 e - a +0 rapier (weapon)
Missiles
 h - 48 stones
Armour
 b - a +0 leather armour (worn)
 k - a +0 pair of gloves (worn)
Jewellery
 d - an amulet of faith (around neck)
Scrolls
 c - a scroll of immolation {unknown}
 f - 2 scrolls of noise {unknown}
 g - a scroll of silence {unknown}
 l - a scroll of amnesia
 m - a scroll of enchant weapon {unknown}


   Skills:
 + Level 1.5 Fighting
 + Level 1.5 Short Blades
 + Level 1.5 Long Blades
 + Level 1.5 Axes
 + Level 1.5 Maces & Flails
 + Level 1.5 Polearms
 + Level 1.5 Staves
 + Level 1.5 Slings
 + Level 1.5 Bows
 + Level 1.5 Crossbows
 + Level 1.5 Throwing
 + Level 1.5 Armour
 + Level 4.8 Dodging
 + Level 4.4 Stealth
 + Level 1.5 Shields
 + Level 1.5 Unarmed Combat
 + Level 5.2 Spellcasting
 + Level 1.2 Conjurations
 + Level 1.2 Hexes
 + Level 1.2 Summonings
 + Level 7.2 Necromancy
 + Level 1.2 Translocations
 + Level 1.2 Transmutations
 + Level 1.2 Fire Magic
 + Level 1.2 Ice Magic
 + Level 1.2 Air Magic
 + Level 1.2 Earth Magic
 + Level 1.2 Poison Magic
 + Level 1.7 Invocations
 + Level 1.5 Evocations


You couldn't memorise any spells.
You knew the following spells:

 Your Spells              Type           Power      Damage    Failure   Level
a - Pain                  Necr           92%        1d8       1%          1
b - Animate Skeleton      Necr           46%        N/A       1%          1
c - Vampiric Draining     Necr           11%        2d7       3%          3
d - Animate Dead          Necr           11%        N/A       12%         4
e - Agony                 Necr           23%        N/A       32%         5

Your spell library contained the following spells:

 Spells                   Type           Power      Damage    Failure   Level
 Magic Dart               Conj           28%        1d4       14%         1
 Blink                    Tloc           N/A        N/A       22%         2
 Call Imp                 Summ           7%         N/A       22%         2
 Slow                     Hex            7%         N/A       22%         2
 Conjure Flame            Conj/Fire      7%         6-21      38%         3
 Mephitic Cloud           Conj/Pois/Air  7%         N/A       38%         3


Dungeon Overview and Level Annotations

Branches:
Dungeon (4/15)
 Temple: D:4-7

Altars:
Qazlal
Uskayaw
Xom
Yredelemnul
Zin

Shops:
D:1 :   D:2 :   D:3 [


Innate Abilities, Weirdness & Mutations

You have very sharp teeth.
Your uncanny sense of smell can sniff out nearby items.
Your experience applies equally to all skills.


Message History

Found a whip and 15 gold pieces.
There is a stone staircase leading up here.
The ooze quivers.
The ooze writhes in agony.
The ooze writhes in agony.
You kill the ooze!
The water moccasin barely resists.
The water moccasin barely resists.
The water moccasin barely resists.
The water moccasin writhes in agony.
The water moccasin misses you. The water moccasin bites you.
You are poisoned.
The water moccasin poisons you!
The water moccasin barely resists.
You feel extremely sick. The water moccasin bites you.
You are too injured to fight recklessly!
You are too injured to fight recklessly!
Casting: Pain (safe; 1% risk of failure)
Confirm with . or Enter, or press ? or * to list all spells.
Aiming: Pain (safe; 1% risk of failure)
Press: ? - help, Shift-Dir - straight line, f/p - water moccasin
Aim: a water moccasin (chance to affect: 83%)
The water moccasin writhes in agony!
You feel sick. The water moccasin barely misses you.
The water moccasin closely misses you.
Casting: Pain (safe; 1% risk of failure)
Confirm with . or Enter, or press ? or * to list all spells.
Aiming: Pain (safe; 1% risk of failure)
Press: ? - help, Shift-Dir - straight line, f/p - water moccasin
Aim: a water moccasin (moderately wounded, chance to affect: 83%)
The water moccasin writhes in agony.
You feel sick. The water moccasin bites you!
* * * LOW HITPOINT WARNING * * *
Casting: Pain (safe; 1% risk of failure)
Confirm with . or Enter, or press ? or * to list all spells.
Aiming: Pain (safe; 1% risk of failure)
Press: ? - help, Shift-Dir - straight line, f/p - water moccasin
Aim: a water moccasin (moderately wounded, chance to affect: 83%)
The water moccasin writhes in agony.
You die...

# ... ....# #.#
.. .. . .
#.#... ...##..
##...#. .#...#.
....... .......
.......#.......
...............
#....@# ##...S#
#..... .......)
..#..$....# .
#....##.# .....
## ......


You could see a water moccasin.

Vanquished Creatures
  2 hounds (D:3)
  Jessica (D:3)
  An orc wizard (D:3)
  A gnoll (D:3)
  An adder (D:2)
  2 orcs
  3 bats
  4 giant cockroaches
  2 goblins
  4 hobgoblins
  2 jackals (D:3)
  3 oozes
  4 quokkas
  6 ball pythons
  5 frilled lizards
  3 kobolds
  6 rats
50 creatures vanquished.

Notes
Turn   | Place    | Note
-------+----------+-------------------------------------------
     0 | D:1      | ShadowManNeo the Gnoll Necromancer began the quest for the
                  | Orb.
     0 | D:1      | Reached XP level 1. HP: 13/13 MP: 6/6
     2 | D:1      | Learned a level 1 spell: Animate Skeleton
    70 | D:1      | Found Jorauhot's Book Emporium.
   410 | D:1      | Reached XP level 2. HP: 16/19 MP: 3/7
  1276 | D:2      | Found Nobbach's Book Emporium.
  1424 | D:2      | Found a basalt altar of Yredelemnul.
  1470 | D:2      | Found a shimmering altar of Xom.
  1493 | D:2      | Reached skill level 5 in Spellcasting
  1493 | D:2      | Reached XP level 3. HP: 19/25 MP: 2/9
  1924 | D:3      | Reached skill level 1 in Invocations
  2278 | D:3      | Reached skill level 1 in Fighting
  2278 | D:3      | Reached skill level 1 in Short Blades
  2278 | D:3      | Reached skill level 1 in Long Blades
  2278 | D:3      | Reached skill level 1 in Axes
  2278 | D:3      | Reached skill level 1 in Maces & Flails
  2278 | D:3      | Reached skill level 1 in Polearms
  2278 | D:3      | Reached skill level 1 in Staves
  2278 | D:3      | Reached skill level 1 in Slings
  2278 | D:3      | Reached skill level 1 in Bows
  2278 | D:3      | Reached skill level 1 in Crossbows
  2278 | D:3      | Reached skill level 1 in Throwing
  2278 | D:3      | Reached skill level 1 in Armour
  2278 | D:3      | Reached skill level 1 in Shields
  2278 | D:3      | Reached skill level 1 in Unarmed Combat
  2278 | D:3      | Reached skill level 1 in Evocations
  2278 | D:3      | Reached XP level 4. HP: 19/32 MP: 6/11
  2297 | D:3      | Reached skill level 1 in Conjurations
  2297 | D:3      | Reached skill level 1 in Hexes
  2297 | D:3      | Reached skill level 1 in Summonings
  2297 | D:3      | Reached skill level 1 in Translocations
  2297 | D:3      | Reached skill level 1 in Transmutations
  2297 | D:3      | Reached skill level 1 in Fire Magic
  2297 | D:3      | Reached skill level 1 in Ice Magic
  2297 | D:3      | Reached skill level 1 in Air Magic
  2297 | D:3      | Reached skill level 1 in Earth Magic
  2297 | D:3      | Reached skill level 1 in Poison Magic
  2568 | D:3      | Reached XP level 5. HP: 34/37 MP: 8/12
  2679 | D:3      | Learned a level 3 spell: Vampiric Draining
  2684 | D:3      | Learned a level 4 spell: Animate Dead
  2690 | D:3      | Learned a level 5 spell: Agony
  2756 | D:3      | Found a hide-covered altar of Uskayaw.
  2776 | D:3      | Noticed Jessica
  2778 | D:3      | Killed Jessica
  2848 | D:3      | Found Tugiledd's Armour Emporium.
  3141 | D:2      | Found a stormy altar of Qazlal.
  3141 | D:2      | Found a glowing silver altar of Zin.
  3506 | D:4      | Noticed a water moccasin
  3516 | D:4      | Succumbed to a water moccasin's poison

Illustrated notes

Levels and vault maps discovered:
D:1:      wheals_arrival_shading, layout_basic, serial_shops, shop
D:2:      layout_basic, nicolae_overflow_hidden_temple, lemuel_crystal_altar,
          serial_shops, shop, minmay_pentomino_t4
D:3:      layout_loops_cross, old_standard_altar, serial_shops,
          nicolae_shop_behind_doors, minmay_crystal_room, cheibrodos_gnoll_hut,
          uniq_jessica
D:4:      layout_cave_pools, vehumet_altar_wand_db,
          nicolae_overflow_crystal_walls, kennysheep_cross_bottleneck,
          kennysheep_cross_room

Skill      XL: |  1  2  3  4 |
---------------+-------------+-----
Spellcasting   | 5 |  5.2
Invocations    | 1 |  1.7
Fighting       | 1 |  1.5
Short Blades   | 1 |  1.5
Long Blades    | 1 |  1.5
Axes           | 1 |  1.5
Maces & Flails | 1 |  1.5
Polearms       | 1 |  1.5
Staves         | 1 |  1.5
Slings         | 1 |  1.5
Bows           | 1 |  1.5
Crossbows      | 1 |  1.5
Throwing       | 1 |  1.5
Armour         | 1 |  1.5
Shields        | 1 |  1.5
Unarmed Combat | 1 |  1.5
Evocations     | 1 |  1.5
Conjurations   | 1 |  1.2
Hexes          | 1 |  1.2
Summonings     | 1 |  1.2
Translocations | 1 |  1.2
Transmutations | 1 |  1.2
Fire Magic     | 1 |  1.2
Ice Magic      | 1 |  1.2
Air Magic      | 1 |  1.2
Earth Magic    | 1 |  1.2
Poison Magic   | 1 |  1.2
Dodging        | |  4.8
Stealth        | |  4.4
Necromancy     | |  7.2

Action                   |  1- 3 |  4- 6 || total
-------------------------+-------+-------++-------
Melee: Rapier            |     3 |       ||     3
       Bite              |     1 |       ||     1
 Cast: Pain              |    64 |    36 ||   100
  Use: Potion            |       |     6 ||     6
       Scroll            |       |     2 ||     2
Armor: Leather armour    |     3 |       ||     3
Dodge: Dodged            |     8 |    11 ||    19

Table legend: (Time is in decaauts)
 A = Elapsed time spent in this place.
 B = Non-inter-level travel time spent in this place.
 C = Inter-level travel time spent in this place.
 D = Time resting spent in this place.
 E = Time spent auto-exploring this place.
 F = Levels seen in this place.
 G = Mean time per level.
                   A        B        C        D        E       F      G
               +--------+--------+--------+--------+--------+-----+--------+
         Total |   3490 |   3221 |    269 |    485 |   2409 |   4 |  872.5 |
       Dungeon |   3490 |   3221 |    269 |    485 |   2409 |   4 |  872.5 |
               +--------+--------+--------+--------+--------+-----+--------+

Top non-repeatable levels by time:
     D:1: 1358 daAuts
     D:3: 1340 daAuts
     D:2: 766 daAuts
     D:4: 25 daAuts
